 Dungeon Crawl Stone Soup version 0.22-a0-348-gd16d139 (webtiles) character file.

2491 grindst0ne the Covert (level 9, 0/54 HPs)
             Began as an Octopode Assassin on Apr 9, 2018.
             Slain by a spiny frog (14 damage)
             ... on level 7 of the Dungeon.
             The game lasted 00:11:19 (7145 turns).

grindst0ne the Covert (Octopode Assassin)           Turns: 7145, Time: 00:11:20

Health: 0/54       AC:  4    Str: 11    XL:     9   Next: 52%
Magic:  9/9        EV: 12    Int: 18    God:
Gold:   276        SH: 11    Dex: 16    Spells: 8/8 levels left

rFire    . . .     SeeInvis .   g - +2 dagger (venom)
rCold    . . .     Gourm    .   i - +0 shield
rNeg     . . .     Faith    .   (helmet restricted)
rPois    .         Spirit   .   (no amulet)
rElec    .         Reflect  .   r - +1 ring of slaying
rCorr    .         Harm     .   o - +3 ring of protection
MR       .....                  (no ring)
Stlth    ++++++....             (no ring)
HPRegen  0.18/turn              (no ring)
MPRegen  0.11/turn              (no ring)
                                (no ring)
                                (no ring)

@: brilliant
A: almost no armour, stealthy swim, amphibious, 8 rings, constrict 8, camouflage
1, gelatinous body 1
a: no special abilities


You were on level 7 of the Dungeon.
You were not hungry.

You visited 2 branches of the dungeon, and saw 8 of its levels.

You collected 276 gold pieces.

Inventory:

Hand Weapons
 a - a +2 dagger
 b - a +0 blowgun
 g - a +2 dagger of venom (weapon)
Missiles
 c - 45 poisoned needles
 d - 2 curare-tipped needles
 m - 3 javelins of penetration (quivered)
Armour
 i - a +0 shield (worn)
Jewellery
 o - a +3 ring of protection (right tentacle)
 r - a +1 ring of slaying (left tentacle)
 z - a cursed amulet of inaccuracy {unknown}
Wands
 k - a wand of polymorph (14)
 l - a wand of flame (17)
 n - a wand of iceblast (20)
 y - a wand of digging (11)
Scrolls
 e - a scroll of immolation
 h - 7 scrolls of identify {unknown}
 j - a scroll of remove curse
 p - a scroll of blinking {unknown}
 v - 3 scrolls of amnesia {unknown}
 w - a scroll of teleportation {unknown}
 D - a scroll of magic mapping {unknown}
 E - a scroll of enchant weapon {unknown}
Potions
 t - 2 potions of ambrosia {unknown}
 u - a potion of agility {unknown}
 A - 2 potions of lignification {unknown}
 B - a potion of degeneration {unknown}
 C - a potion of flight {unknown}
Comestibles
 f - 12 rations
 F - 5 chunks of flesh


   Skills:
 - Level 2.0 Fighting
 - Level 2.0 Short Blades
 - Level 2.0 Throwing
 - Level 1.0 Dodging
 + Level 11.8 Stealth
 * Level 9.9 Shields


You had 8 spell levels left.
You didn't know any spells.

Dungeon Overview and Level Annotations

Branches:
Dungeon (7/15)             Temple (1/1) D:5

Altars:
Ashenzari
Dithmenos
Elyvilon
Fedhas
Gozag
Hepliaklqana
Makhleb
Okawaru
Qazlal
Ru
Sif Muna
Trog
Uskayaw
Vehumet
Wu Jian
Xom
Yredelemnul
Zin
The Shining One


Innate Abilities, Weirdness & Mutations

You cannot wear most types of armour.
You are very stealthy in the water. (Stealth+)
You are amphibious.
You can wear up to eight rings at the same time.
You can use your tentacles to constrict eight enemies at once.
Your skin changes colour to match your surroundings (Stealth+).
Your rubbery body absorbs attacks. (AC +1, EV +1)


Message History

The spiny frog stings you.
* * * LOW HITPOINT WARNING * * *
You are lethally poisoned!
The spiny frog poisons you!
It was a potion of brilliance.
You feel clever all of a sudden.
You constrict the spiny frog.
* * * LOW HITPOINT WARNING * * *
You feel sick. You block the spiny frog's attack.
It was a potion of curing.
You feel better.
You constrict the spiny frog. You block the spiny frog's attack.
You hit the spiny frog.
The spiny frog is heavily wounded.
You constrict the spiny frog. You block the spiny frog's attack.
You completely miss the spiny frog.
The spiny frog is heavily wounded.
You constrict the spiny frog. The spiny frog stings you!
* * * LOW HITPOINT WARNING * * *
You feel better.
You constrict the spiny frog. The spiny frog stings you!
You die...

#.. .# #.. #Z# ########
####### #.# ........
#.....# #.# ........
#..$..######.# ........
#..†.........#+#### ######.
#.................# #.
#........F@.<.....# #####.
#.................# #.....
#.....#######.....# #.####
#.................####)####
#####................))....
#.........#........#...
#.........#.########.##
.........#.# ...#.#
#########.# ####.#.##


You could see a spiny frog (inner flame).

Vanquished Creatures
  2 ice beasts (D:5)
  2 phantoms
  2 orc warriors (D:6)
  A sky beast (D:6)
  2 ogres (D:4)
  A centaur (D:5)
  A big kobold (D:4)
  4 bullfrogs
  4 wights (D:7)
  A bullfrog zombie (D:5)
  8 hounds
  A jelly (D:5)
  3 orc priests
  7 orc wizards
  Jessica (D:2)
  5 iguanas
  A hound zombie (D:4)
  2 hound skeletons
  A worker ant zombie (D:5)
  8 adders
  7 gnolls
  A howler monkey skeleton (D:6)
  2 shadow imps
  2 oozes
  5 worms (D:2)
  A dart slug (D:2)
  3 leopard geckos
  21 orcs
  3 giant cockroaches
  11 goblins
  9 hobgoblins
  16 kobolds
  3 quokkas
  A ball python (D:5)
  11 bats
  5 frilled lizards
  9 rats
167 creatures vanquished.

Notes
Turn   | Place    | Note
-------+----------+-------------------------------------------
     0 | D:1      | grindst0ne the Octopode Assassin began the quest for the Orb.
     0 | D:1      | Reached XP level 1. HP: 14/14 MP: 1/1
   107 | D:1      | Reached XP level 2. HP: 16/19 MP: 2/2
   111 | D:1      | Reached skill level 6 in Stealth
   454 | D:1      | Reached XP level 3. HP: 24/24 MP: 3/3
   803 | D:2      | Reached skill level 1 in Shields
  1042 | D:2      | Reached skill level 7 in Stealth
  1347 | D:2      | Reached XP level 4. HP: 25/29 MP: 4/4
  1895 | D:2      | Found an ornate altar of the Wu Jian Council.
  1903 | D:2      | Found a stormy altar of Qazlal.
  1906 | D:2      | Found a blossoming altar of Fedhas.
  1915 | D:2      | Found a shimmering altar of Xom.
  1965 | D:2      | Reached XP level 5. HP: 24/34 MP: 5/5
  2156 | D:2      | Noticed Jessica
  2162 | D:2      | Killed Jessica
  2339 | D:3      | HP: 1/34 [poisoned by an adder]
  2795 | D:3      | Reached XP level 6. HP: 24/39 MP: 6/6
  2957 | D:3      | Reached skill level 8 in Stealth
  3618 | D:3      | Found a shadowy altar of Dithmenos.
  3793 | D:3      | Found a bloodstained altar of Trog.
  3841 | D:4      | Found a glowing golden altar of the Shining One.
  4202 | D:4      | Reached skill level 5 in Shields
  4202 | D:4      | Reached XP level 7. HP: 28/45 MP: 7/7
  4873 | D:4      | Reached skill level 9 in Stealth
  5180 | D:5      | Entered Level 5 of the Dungeon
  5192 | D:5      | Reached XP level 8. HP: 50/50 MP: 8/8
  5334 | D:5      | Found a staircase to the Ecumenical Temple.
  5345 | Temple   | Entered the Ecumenical Temple
  5594 | D:5      | Reached skill level 10 in Stealth
  6565 | D:6      | Reached skill level 11 in Stealth
  6565 | D:6      | Reached XP level 9. HP: 51/54 MP: 9/9
  7136 | D:7      | Noticed a spiny frog
  7136 | D:7      | a hippogriff changed into a spiny frog
  7145 | D:7      | Slain by a spiny frog

Vault maps used:
D:1:      dpeg_arrival_boxorama
D:2:      minmay_door_path, grunt_temple_overflow_cloverleaf, uniq_jessica
D:3:      lemuel_crystal_altar, small_statue_intersection, trog_book
D:4:      cheibrodos_thug_alley, kennysheep_little_box
D:5:      temple_fountains, first_ration
D:7:      nemelex_altar_shiori, uniq_duvessa
Temple:   nicolae_temple_figure_eight

Skill      XL: |  1  2  3  4  5  6  7  8  9 |
---------------+----------------------------+-----
Stealth        | 6 7 8 9 11 | 11.8
Shields        | 1 2 3 5 6 8 9 |  9.9
Fighting       | |  2.0
Short Blades   | |  2.0
Throwing       | |  2.0
Dodging        | |  1.0

Action                   |  1- 3 |  4- 6 |  7- 9 || total
-------------------------+-------+-------+-------++-------
Melee: Dagger            |    63 |   141 |   160 ||   364
       Constrict         |    18 |    34 |    39 ||    91
       Tentacles         |    10 |    33 |    47 ||    90
Evoke: Wand              |       |     8 |     2 ||    10
  Use: Potion            |       |     3 |     4 ||     7
       Scroll            |       |       |     2 ||     2
 Stab: Sleeping          |    12 |    12 |    26 ||    50
       Invisible         |       |     1 |     1 ||     2
       Distracted        |       |       |     3 ||     3
  Eat: Chunk             |     1 |     9 |     6 ||    16
       Ration            |       |       |     1 ||     1
Armor: Skin              |     6 |     8 |    12 ||    26
Dodge: Dodged            |    23 |    47 |    37 ||   107
Block: Shield            |     5 |    57 |    59 ||   121

Table legend:
 A = Spawn XP
 B = Non-spawn XP
 C = Spawn XP percentage of total XP
 D = Spawn monster count
 E = Non-spawn monster count
 F = Spawn count percentage of total count
 G = Total turns spent on level
                    A         B        C        D         E        F      G
               +---------+---------+-------+---------+---------+-------+---------
         Total |       0 |    3559 |   0.0 |       0 |     167 |   0.0 |  7145
               +---------+---------+-------+---------+---------+-------+---------
           D:1 |       0 |      40 |   0.0 |       0 |      22 |   0.0 |   991
           D:2 |       0 |     175 |   0.0 |       0 |      34 |   0.0 |  1558
           D:3 |       0 |     258 |   0.0 |       0 |      30 |   0.0 |  1255
           D:4 |       0 |     694 |   0.0 |       0 |      24 |   0.0 |  1376
           D:5 |       0 |     651 |   0.0 |       0 |      19 |   0.0 |   821
           D:6 |       0 |     901 |   0.0 |       0 |      20 |   0.0 |   635
           D:7 |       0 |     840 |   0.0 |       0 |      18 |   0.0 |   288
               +---------+---------+-------+---------+---------+-------+---------
